 Dungeon Crawl Stone Soup version 0.17-a0-1508-ge7f3dc3 (webtiles) character file.

928 patman the Carver (level 8, -9/76 HPs)
             Began as a Halfling Berserker on July 9, 2015.
             Was a Believer of Trog.
             Killed by divine providence
             ... invoked by an orc priest
              (15 damage)
             ... on level 7 of the Dungeon on July 10, 2015.
             The game lasted 00:07:28 (2188 turns).

patman the Carver (Halfling Berserker)              Turns: 2188, Time: 00:07:28

Health: -9/76      AC: 10    Str: 23    XL:     8   Next: 32%
Magic:  8/8        EV: 10    Int:  6    God:    Trog [**....]
Gold:   148        SH:  6    Dex: 15    Spells: 0 memorised, 7 levels left

rFire  . . .     SeeInvis .     a - +1 scimitar
rCold  . . .     Clarity  .     y - +0 chain mail
rNeg   . . .     SustAt   .     z - +2 buckler
rPois  .         Gourm    .     p - +0 helmet
rElec  .         Spirit   .     r - +0 cloak
rCorr  .         Warding  .     (no gloves)
rMut   .         Stasis   .     (no boots)
MR     .....                    (no amulet)
Stlth  ..........               (no ring)
                                (no ring)

@: berserking, very quick, not resistant to hostile enchantments, extremely
unstealthy
A: mutation resistance 1
a: Burn Spellbooks, Berserk, Trog's Hand, Renounce Religion


You were on level 7 of the Dungeon.
You worshipped Trog.
Trog was pleased with you.
You were hungry.

You visited 1 branch of the dungeon, and saw 7 of its levels.

You collected 148 gold pieces.

Inventory:

Hand weapons
 a - a +1 scimitar (weapon)
 g - a +0 falchion
 h - a +1 hunting sling of velocity
Missiles
 o - 19 stones (quivered)
 w - 14 poisoned needles
Armour
 p - a +0 helmet (worn)
 r - a +0 cloak (worn)
 y - a +0 chain mail (worn)
 z - a +2 buckler (worn)
Magical devices
 B - a wand of flame (13)
Scrolls
 f - a scroll of recharging {unknown}
 i - a scroll of noise
 k - 5 scrolls of enchant weapon
 s - 4 scrolls of remove curse
 v - a scroll of teleportation {unknown}
Potions
 e - 2 potions of experience {unknown}
 j - a potion of ambrosia {unknown}
 l - a potion of magic {unknown}
 m - 2 potions of resistance
 n - a potion of might {unknown}
 q - a potion of poison {unknown}
 t - 2 potions of heal wounds
 x - a potion of degeneration {unknown}
Comestibles
 b - a royal jelly
 c - 3 bread rations
 d - a slice of pizza
 u - a meat ration
 A - 5 chunks of flesh


   Skills:
 - Level 2.6 Fighting
 + Level 9.5 Long Blades
 - Level 2.1 Armour
 - Level 2.1 Dodging


You had 7 spell levels left.
You didn't know any spells.

Dungeon Overview and Level Annotations

Branches:
Dungeon (7/15)
 Temple: D:4-7

Altars:
Ashenzari
Elyvilon
Gozag

Annotations:
D:5 Prince Ribbit


Innate Abilities, Weirdness & Mutations

You are small and have problems with some larger weapons.
You are somewhat resistant to further mutation.


Message History

You closely miss the orc warrior.
The orc warrior is heavily wounded.
Unknown command.
You closely miss the orc warrior.
The orc warrior is heavily wounded.
The orc warrior hits you with a halberd!
* * * LOW HITPOINT WARNING * * *
Unknown command.
You closely miss the orc warrior.
The orc warrior is heavily wounded.
Unknown command.
You slash the orc warrior!
You feel the power of Trog in you as your rage grows.
You kill the orc warrior!
Trog accepts your kill.
Unknown command.
You closely miss the orc priest.
The orc priest calls down the wrath of Beogh upon you.
Something smites you!
You die...

#..........#......
#......#.###
......
#........<.# .....
#.....#..#.# ....
##.......#.##...
##......#.#...
#.#.###..#oZ
#........#o#
#######.##@#
#....# ######


You could see an orc priest, an orc and a giant frog skeleton.

Vanquished Creatures
  The ghost of WellDressedCM the Quickloader, an experienced CeHu of Nemelex Xobeh (D:7)
  An orc warrior (D:7)
  An ogre (D:5)
  A scorpion (D:4)
  A crimson imp (D:5)
  A giant frog skeleton (D:4)
  3 orc wizards
  An iguana (D:4)
  2 worker ants (D:7)
  4 adders
  A worm (D:4)
  2 giant geckos
  3 orcs
  A bat (D:3)
  2 giant cockroaches
  2 goblins
  3 hobgoblins
  3 kobolds
  A quokka (D:3)
  A ball python (D:4)
  4 giant newts
  5 rats
44 creatures vanquished.

Vanquished Creatures (others)
  A quokka (D:5)
1 creature vanquished.

Grand Total: 45 creatures vanquished

Notes
Turn   | Place    | Note
--------------------------------------------------------------
     0 | D:1      | patman the Halfling Berserker began the quest for the Orb.
     0 | D:1      | Reached XP level 1. HP: 15/15 MP: 1/1
   256 | D:2      | Reached XP level 2. HP: 20/20 MP: 2/2
   258 | D:2      | Reached skill level 4 in Long Blades
   258 | D:2      | Reached XP level 3. HP: 20/25 MP: 3/3
   689 | D:3      | Reached XP level 4. HP: 18/30 MP: 4/4
   962 | D:3      | Acquired Trog's second power
   972 | D:2      | Found an opulent altar of Gozag.
  1039 | D:5      | Entered Level 5 of the Dungeon
  1148 | D:4      | Reached skill level 5 in Long Blades
  1148 | D:4      | Reached XP level 5. HP: 9/35 MP: 5/5
  1537 | D:4      | Found a shattered altar of Ashenzari.
  1649 | D:4      | Reached skill level 6 in Long Blades
  1694 | D:5      | Found a white marble altar of Elyvilon.
  1729 | D:5      | Reached XP level 6. HP: 32/41 MP: 6/6
  1763 | D:5      | Noticed an ogre
  1912 | D:4      | Upgraded the game from 0.17-a0-1504-gb7d9117 to 0.17-a0-1508-ge7f3dc3
  1918 | D:5      | Killed an ogre
  1918 | D:5      | Reached skill level 7 in Long Blades
  1918 | D:5      | Reached XP level 7. HP: 34/45 MP: 7/7
  1962 | D:5      | Noticed Prince Ribbit
  2028 | D:7      | Noticed WellDressedCM's ghost (experienced CeHu)
  2041 | D:7      | Killed WellDressedCM's ghost
  2041 | D:7      | Reached skill level 9 in Long Blades
  2041 | D:7      | Reached XP level 8. HP: 20/51 MP: 8/8
  2188 | D:7      | Killed from afar by an orc priest

Vault maps used:
D:1:      lemuel_arrival_funnel, cheibriados_altar_1
D:2:      nicolae_overflow_hidden_temple, minmay_misc_feat_chi
D:3:      zin_purify
D:4:      nicolae_ashenzari_panopticon, makhleb_altar_promises_db,
          temple_fountains, first_bread
D:5:      elyvilon_altar_4, serial_shops, nicolae_shop_overgrown_old_shop,
          serial_glass, glass_columns_c, glass_columns_a, glass_columns_a,
          glass_columns_c, glass_columns_a, glass_columns_a, glass_columns_a,
          glass_columns_b, uniq_prince_ribbit1
D:7:      erik_1, kennysheep_little_box, xom_teletrap_fun, serial_shops, shop,
          shop, shop, nicolae_shop_statue_plus, grunt_ogre_cave,
          minmay_misc_feat_five

Action                   |  1- 3 |  4- 6 |  7- 9 || total
-------------------------+-------+-------+-------++-------
Melee: Falchion          |    22 |       |       ||    22
       Scimitar          |    13 |   117 |    45 ||   175
Invok: Berserk           |     2 |     2 |     2 ||     6
  Use: Scroll            |       |     3 |     2 ||     5
       Potion            |       |     2 |       ||     2
  Eat: Chunk             |     1 |     2 |     1 ||     4
       Meat ration       |       |     1 |       ||     1
